 Dungeon Crawl Stone Soup version 0.21.1-1-g345015f (webtiles) character file.

5717 Fortress the Grappler (level 10, -4/98 HPs)
             Began as a Troll Berserker on June 16, 2018.
             Was a High Priest of Trog.
             Slain by a two-headed ogre
             ... wielding a +0 giant spiked club
              (18 damage)
             ... on level 9 of the Dungeon.
             The game lasted 00:56:55 (7015 turns).

Fortress the Grappler (Troll Berserker)             Turns: 7015, Time: 00:56:56

Health: -4/98      AC:  8    Str: 30    XL:     10   Next: 48%
Magic:  0/9        EV: 20    Int:  3    God:    Trog [*****.]
Gold:   401        SH:  0    Dex: 25    Spells: 9/9 levels left

rFire    . . .     SeeInvis .   V - +9 war axe "Gogaeses" {chop, rN+ Str+3 Dex+4}
rCold    . . .     Gourm    +   (no shield)
rNeg     + . .     Faith    .   a - +1 animal skin
rPois    .         Spirit   +   J - +2 hat
rElec    .         Reflect  .   (no cloak)
rCorr    +         Harm     .   (gloves unavailable)
MR       .....                  (boots unavailable)
Stlth    +++.......             U - amulet of guardian spirit
HPRegen  0.66/turn              l - +4 ring of dexterity
MPRegen  0.11/turn              E - ring of resist corrosion

@: agile
A: large, unfitting armour, claws 3, fast metabolism 3, gourmand, regeneration
1, shaggy fur 1, tough skin 2
a: Berserk, Trog's Hand, Brothers in Arms, Burn Spellbooks, Renounce Religion


You were on level 9 of the Dungeon.
You worshipped Trog.
Trog was extremely pleased with you.
You were not hungry.

You visited 1 branch of the dungeon, and saw 10 of its levels.

You collected 577 gold pieces.
You spent 176 gold pieces at shops.

Inventory:

Hand Weapons
 v - a +0 blowgun
 A - a +1 dagger of draining
 F - the +4 falchion "Jaodd" {flame, rF++ MR+ Int-3}
   (You found it on level 5 of the Dungeon)

   It has been specially enchanted to burn those struck by it, causing extra
   injury to most foes and up to half again as much damage against particularly
   susceptible opponents.
   Big, fiery blades are also staple armaments of hydra-hunters.
   It affects your intelligence (-3).
   It greatly protects you from fire.
   It affects your resistance to hostile enchantments.
 S - a +2 glaive of chopping
 V - the +9 war axe "Gogaeses" (weapon) {chop, rN+ Str+3 Dex+4}
   (You took it off a centaur on level 9 of the Dungeon)

   It inflicts extra damage upon your enemies.
   It affects your strength (+3).
   It affects your dexterity (+4).
   It protects you from negative energy.
Missiles
 f - 3 needles of paralysis
 k - 99 stones (quivered)
 o - 50 poisoned needles
 q - 64 bolts
 y - 134 arrows
Armour
 a - a +1 animal skin (worn)
 J - a +2 hat (worn)
Jewellery
 l - a +4 ring of dexterity (left claw)
 E - a ring of resist corrosion (right claw)
 U - an amulet of guardian spirit (around neck)
Wands
 z - a wand of digging (11)
 P - a wand of random effects (48)
Scrolls
 e - 5 scrolls of teleportation
 g - a scroll of identify
 i - a scroll of remove curse
 r - 2 scrolls of enchant weapon
 s - a scroll of enchant armour
Potions
 c - 3 potions of mutation
 h - 2 potions of cancellation
 j - a potion of flight {unknown}
 n - 2 potions of brilliance {unknown}
 p - 5 potions of curing
 t - a potion of resistance {unknown}
 w - a potion of agility
 H - 3 potions of lignification
 O - a potion of berserk rage {unknown}
 R - a potion of might {unknown}
Comestibles
 b - 17 rations


   Skills:
 * Level 6.2 Fighting
 + Level 6.4 Dodging
 - Level 0.2 Stealth
 + Level 12.4 Unarmed Combat


You had 9 spell levels left.
You didn't know any spells.

Dungeon Overview and Level Annotations

Branches:
Dungeon (10/15)            Temple (0/1) D:6            Lair (0/6) D:8
    Orc (0/2) D:9

Altars:
Cheibriados
Dithmenos
Elyvilon
Gozag
Kikubaaqudgha
Okawaru
Uskayaw
Yredelemnul
The Shining One

Shops:
D:3 *   D:7 [


Innate Abilities, Weirdness & Mutations

You are too large for most types of armour.
You have claws for hands.
Your metabolism is lightning-fast.
You like to eat raw meat.
Your natural rate of healing is unusually fast.
You are covered in fur. (AC +1)
You have very tough skin. (AC +2)


Message History

There is a stone staircase leading up, spattered with blood here.
The two-headed ogre barely misses you.
The two-headed ogre hits you but does no damage.
The orc wizard points at you and mumbles some strange words.
You easily resist.
The orc wizard shouts!
You climb upwards.
There is a stone staircase leading down here.
There is a stone staircase leading down here.
You slice the two-headed ogre!!
The two-headed ogre is moderately wounded.
The two-headed ogre hits you with a giant spiked club!!
* * * LOW HITPOINT WARNING * * *
The two-headed ogre hits you with a giant club!
* * * LOW HITPOINT WARNING * * *
It was a potion of agility.
You feel agile all of a sudden.
The two-headed ogre completely misses you.
The two-headed ogre hits you with a giant club!!
You die...

....##.#.# *.# ....##.#.#
*.# ######.#.# *.# # #.#.#
*.# # ####.#.# *.#
###....#.# ##### *.#
.........# #...####.#
.......############........#
######..........@O....######
##################


You could see a two-headed ogre.

Vanquished Creatures
  The ghost of senjinn the Earth Mage, a novice GrEE of Sif Muna (D:8)
  Pikel (D:4)
  A komodo dragon (D:8)
  Grinder (D:4)
  A troll (D:9)
  A hippogriff (D:7)
  Sigmund (D:2)
  Eustachio (D:6)
  A slave (D:4)
  4 orc warriors
  4 phantoms
  2 ice beasts
  2 centaurs
  6 ogres
  2 crocodiles
  A big kobold (D:8)
  3 bullfrogs
  2 scorpions (D:7)
  A wyvern skeleton (D:7)
  3 killer bees (D:9)
  2 crimson imps
  6 hounds
  A jelly (D:7)
  6 orc priests
  6 orc wizards
  2 bullfrog skeletons
  Jessica (D:2)
  3 iguanas
  6 worker ants
  A hound zombie (D:8)
  4 gnolls
  A howler monkey skeleton (D:7)
  14 adders
  A shadow imp (D:5)
  An ooze (D:3)
  An adder zombie (D:9)
  An adder skeleton (D:8)
  A worm (D:2)
  4 dart slugs
  6 leopard geckos
  34 orcs
  9 bats
  2 giant cockroaches
  7 goblins
  7 hobgoblins
  4 jackals (D:1)
  5 quokkas
  2 ball pythons
  4 frilled lizards
  A jackal zombie (D:7)
  16 kobolds
  A quokka skeleton (D:4)
  19 rats
218 creatures vanquished.

Vanquished Creatures (others)
  A human (D:2)
  5 plants (D:8)
6 creatures vanquished.

Grand Total: 224 creatures vanquished

Notes
Turn   | Place    | Note
-------+----------+-------------------------------------------
     0 | D:1      | Fortress the Troll Berserker began the quest for the Orb.
     0 | D:1      | Reached XP level 1. HP: 22/22 MP: 0/0
   112 | D:1      | Reached XP level 2. HP: 29/29 MP: 1/1
   244 | D:1      | Reached ** piety under Trog
   256 | D:1      | Reached XP level 3. HP: 36/36 MP: 2/2
   665 | D:2      | Noticed Sigmund
   685 | D:2      | Killed Sigmund
   685 | D:2      | Reached skill level 5 in Unarmed Combat
   685 | D:2      | Reached XP level 4. HP: 44/44 MP: 3/3
   685 | D:2      | Reached XP level 5. HP: 52/52 MP: 4/4
   764 | D:2      | Noticed Jessica
   770 | D:2      | Killed Jessica
   887 | D:2      | Found a glowing golden altar of the Shining One.
   995 | D:2      | Found an ancient bone altar of Kikubaaqudgha.
   995 | D:2      | Noticed a human
   999 | D:2      | Killed a human
  1076 | D:2      | Reached XP level 6. HP: 59/59 MP: 5/5
  1624 | D:3      | Found Gozag's Platinum Reserve.
  1626 | D:3      | Found an opulent altar of Gozag.
  1715 | D:3      | Found an iron altar of Okawaru.
  1836 | D:3      | Reached *** piety under Trog
  2137 | D:3      | Found a snail-covered altar of Cheibriados.
  2944 | D:4      | Reached skill level 6 in Unarmed Combat
  2978 | D:4      | Reached XP level 7. HP: 52/67 MP: 6/6
  3014 | D:4      | Found a shadowy altar of Dithmenos.
  3028 | D:4      | Noticed Pikel
  3047 | D:4      | Killed Pikel
  3047 | D:4      | Reached skill level 7 in Unarmed Combat
  3047 | D:4      | Reached XP level 8. HP: 46/78 MP: 7/7
  3121 | D:5      | Entered Level 5 of the Dungeon
  3398 | D:4      | Noticed Grinder
  3398 | D:4      | Paralysed by Grinder for 3 turns
  3414 | D:4      | Killed Grinder
  3414 | D:4      | Reached skill level 8 in Unarmed Combat
  3798 | D:5      | Reached skill level 9 in Unarmed Combat
  4095 | D:5      | Got a scorched falchion
  4109 | D:5      | Reached skill level 5 in Dodging
  4142 | D:6      | Noticed a two-headed ogre
  4456 | D:6      | Noticed Eustachio
  4471 | D:6      | Killed Eustachio
  4471 | D:6      | Reached XP level 9. HP: 85/85 MP: 8/8
  4488 | D:6      | Found a staircase to the Ecumenical Temple.
  4592 | D:7      | Reached skill level 10 in Unarmed Combat
  4662 | D:7      | Reached **** piety under Trog
  4662 | D:7      | Reached skill level 5 in Fighting
  4700 | D:7      | Found Xifub's Armour Shoppe.
  4707 | D:7      | Bought a +2 hat for 176 gold pieces
  5271 | D:8      | Noticed senjinn's ghost (novice GrEE)
  5554 | D:8      | Reached skill level 11 in Unarmed Combat
  5699 | D:8      | Found a basalt altar of Yredelemnul.
  5808 | D:8      | Killed senjinn's ghost
  5808 | D:8      | Reached XP level 10. HP: 98/98 MP: 9/9
  5821 | D:8      | Found a hide-covered altar of Uskayaw.
  6000 | D:8      | Found a staircase to the Lair.
  6109 | D:8      | Reached ***** piety under Trog
  6313 | D:8      | Found a white marble altar of Elyvilon.
  6514 | D:9      | Reached skill level 12 in Unarmed Combat
  6577 | D:9      | Found a staircase to the Orcish Mines.
  6746 | D:9      | Got an uncursed dazzling war axe {chop}
  6747 | D:9      | Identified the +9 war axe "Gogaeses" {chop, rN+ Str+3 Dex+4} (You took it off a centaur on level 9 of the Dungeon)
  6777 | D:9      | Identified a scroll of acquirement
  6788 | D:9      | Identified the +4 falchion "Jaodd" {flame, rF++ MR+ Int-3} (You found it on level 5 of the Dungeon)
  6828 | D:10     | Entered Level 10 of the Dungeon
  7010 | D:10     | Noticed a two-headed ogre
  7015 | D:9      | Slain by a two-headed ogre

Skill      XL: |  1  2  3  4  5  6  7  8  9 10 |
---------------+-------------------------------+-----
Dodging        | 3 4 5 6 |  6.4
Unarmed Combat | 5 6 7 9 11 12 | 12.4
Fighting       | 3 4 5 6 |  6.2
Stealth        | |  0.2

Action                   |  1- 3 |  4- 6 |  7- 9 | 10-12 || total
-------------------------+-------+-------+-------+-------++-------
Melee: Unarmed           |    97 |   151 |   231 |   110 ||   589
       Punch             |     2 |     3 |     5 |     7 ||    17
       War axe           |       |       |       |     6 ||     6
Throw: Stone             |       |    11 |       |       ||    11
Invok: Berserk           |     1 |       |     5 |     2 ||     8
       Burn Spellbooks   |       |       |     1 |     2 ||     3
  Use: Scroll            |       |       |     6 |    14 ||    20
       Potion            |       |       |       |     1 ||     1
 Stab: Distracted        |       |     1 |     1 |     1 ||     3
       Sleeping          |       |     1 |       |       ||     1
  Eat: Chunk             |    12 |    16 |    35 |     8 ||    71
Armor: Animal skin       |    53 |    51 |    43 |    23 ||   170
Dodge: Dodged            |    56 |    72 |   115 |    74 ||   317
